Map: Dynasty LE

Players

ohmygodism

  • Race: Terran Terran
  • League: Platinum
  • Spawn Location: 1:00

TheZach - Winner!

  • Race: Terran Terran
  • League: Platinum
  • Spawn Location: 7:00

VOD

Have the link to the VOD?

Description

Time

  • Played on: April 29, 2024, 4:34 p.m.
  • Length: 16:11
Show
View Real Time Build Order
Export as new Build Order

ohmygodism Terran 

Build Orders:  

Get SALT Encoding   

  12  0:00  SCV  
  13  0:12  SCV  
  14  0:19  Supply Depot  
  14  0:25  SCV  
  15  0:41  SCV  
  16  0:42  Barracks  
  16  0:51  Refinery  
  16  0:53  SCV  
  17  1:05  SCV  
  18  1:14  Barracks  
  18  1:17  SCV  
  19  1:29  SCV  
  20  1:45  Barracks  
  20  1:47  Barracks  
  20  1:50  Marine  
  21  2:06  Marine  
  22  2:10  Factory  
  22  2:12  Marine  
  23  2:35  Marine  
  23  2:37  Marine  
  23  2:42  Marine  
  23  2:43  Marine  
  20  3:01  Marine  
  20  3:03  Marine x2  
  20  3:06  Hellion  
  15  3:53  Hellion  
  6  8:01  Bunker  
Show
View Real Time Build Order
Export as new Build Order

TheZach Terran - Winner!

Build Orders:  

Get SALT Encoding   

  12  0:03  SCV  
  13  0:15  SCV  
  13  0:19  Supply Depot  
  14  0:27  SCV  
  15  0:40  SCV  
  16  0:53  SCV  
  17  1:01  Barracks  
  17  1:03  Barracks  
  17  1:09  SCV  
  18  1:18  Barracks  
  18  1:24  SCV  
  19  1:37  Supply Depot  
  19  1:38  SCV  
  20  1:48  Marine  
  21  1:56  Marine  
  21  1:59  Supply Depot  
  22  2:06  Marine  
  23  2:10  SCV  
  23  2:11  Marine  
  23  2:14  Marine  
  26  2:23  Marine  
  26  2:26  Bunker  
  26  2:29  Marine  
  27  2:32  Marine  
  27  2:41  Marine  
  25  2:51  Marine x2  
  24  2:59  Marine  
  24  3:07  Orbital Command, Supply Depot  
  24  3:08  Marine x2  
  26  3:17  Marine  
  27  3:26  Marine x2  
  20  3:35  Marine  
  17  3:44  Marine x2  
  12  3:53  Marine  
  12  4:02  Marine  
  13  4:07  Marine  
  13  5:02  Orbital Command  
  13  5:04  Marine  
  14  5:19  Marine  
  14  8:00  SCV  
  15  8:36  Supply Depot  
  15  8:57  Marine x3  
  15  8:59  Supply Depot  
  18  9:11  SCV  
  18  9:15  Marine x2  
  21  9:23  SCV  
  22  9:36  Refinery  
  22  9:40  SCV  
  23  10:08  SCV  
  24  10:20  SCV  
  25  10:32  Command Center  
  25  10:43  SCV  
  26  10:55  SCV  
  27  11:12  Barracks Tech Lab  
  27  11:17  Factory  
  27  11:26  SCV  
  27  11:30  Refinery  
  27  11:32  Refinery  
  28  11:38  SCV  
  29  11:50  SCV  
  30  11:55  Orbital Command  
  30  12:03  SCV  
  31  12:19  Starport  
  31  12:26  SCV x2  
  33  12:38  SCV x2  
  35  12:50  Barracks Reactor  
  35  12:55  Starport  
  35  12:58  Viking  
  37  13:09  SCV x2  
  39  13:21  SCV  
  39  13:27  Starport  
  40  13:36  Starport Reactor  
  40  13:40  SCV  
  41  13:41  SCV  
  41  13:46  Barracks Reactor  
  42  13:49  Viking  
  42  13:52  SCV  
  45  13:57  SCV  
  46  14:09  Starport Reactor  
  46  14:22  Supply Depot  
  46  14:23  Supply Depot  
  46  14:24  Supply Depot  
  46  14:43  Viking  
  46  14:44  SCV x2  
  50  14:47  Supply Depot  
  50  14:52  Viking x2, Supply Depot  
  54  14:56  SCV x2  
  56  15:08  SCV  
Tags
 
Matchup
TvT
Race
Terran
Spawn Locations
Cross Positions
Add a new tag
Caveats
  • Supply blocks, unpowered buildings, or Contaminate may cause inaccurate times.
  • Supply counts are checked every 10 seconds.